Map: Jagannatha LE

Players

ViBE - Winner!

  • Race: Terran Terran
  • League: Gold
  • Spawn Location: 7:00

rob

  • Race: Terran Terran
  • League: Gold
  • Spawn Location: 1:00

VOD

Have the link to the VOD?

Description

Time

  • Played on: March 24, 2021, 8:46 p.m.
  • Length: 9:02
Show
View Real Time Build Order
Export as new Build Order

ViBE Terran - Winner!

Build Orders:  

Get SALT Encoding   

  12  0:00  SCV  
  13  0:12  SCV  
  14  0:18  Supply Depot  
  14  0:25  SCV  
  15  0:39  SCV  
  15  0:41  Barracks  
  16  0:45  Refinery  
  16  0:52  SCV  
  17  1:04  SCV  
  18  1:16  SCV  
  19  1:28  Orbital Command  
  19  1:29  Marine  
  20  1:40  Command Center  
  20  1:52  Supply Depot  
  20  1:54  SCV  
  20  1:57  Marine  
  22  2:06  SCV  
  23  2:18  SCV  
  23  2:20  Factory  
  24  2:28  Barracks Reactor  
  24  2:30  SCV  
  24  2:35  Bunker  
  25  2:42  SCV  
  25  2:54  Orbital Command  
  25  2:55  SCV  
  26  3:03  Factory Tech Lab  
  26  3:05  Marine x2  
  28  3:06  Barracks  
  28  3:07  SCV  
  29  3:19  SCV  
  31  3:20  SCV  
  31  3:23  Siege Tank  
  31  3:24  Marine x2  
  36  3:31  SCV  
  36  3:32  SCV  
  38  3:39  Supply Depot  
  38  3:43  SCV  
  38  3:44  SCV  
  38  3:50  Marine x2  
  38  3:55  SCV  
  38  3:56  SCV  
  39  4:06  Siege Tank  
  39  4:07  SCV  
  39  4:08  SCV  
  44  4:13  Marine x2  
  46  4:19  SCV  
  46  4:20  SCV  
  46  4:23  Refinery  
  48  4:30  Barracks Tech Lab  
  48  4:31  SCV, Marine  
  48  4:32  SCV, Marine  
  52  4:41  Supply Depot  
  52  4:43  SCV  
  52  4:44  SCV, Supply Depot  
  54  4:48  Supply Depot  
  54  5:01  Supply Depot  
  54  5:02  SCV x2, Marine x3  
  54  5:05  Supply Depot  
  59  5:08  Siege Tank  
  62  5:15  SCV x2, Supply Depot  
  62  5:20  Marine x3  
  67  5:27  SCV x2  
  69  5:33  Command Center  
  69  5:37  Supply Depot  
  69  5:38  Starport, Marine x3  
  69  5:39  SCV x2  
  74  5:48  Refinery  
  74  5:49  Refinery  
  74  5:51  SCV x2  
  74  5:56  Supply Depot  
  74  5:57  Supply Depot  
  76  6:00  Engineering Bay x2  
  76  6:03  SCV x2  
  78  6:07  Marine, Stimpack  
  78  6:08  Marine  
  78  6:09  Marine  
  81  6:15  SCV x2, Starport Reactor  
  83  6:27  SCV x2  
  83  6:28  Terran Infantry Armor Level 1, Terran Infantry Weapons Level 1  
  83  6:29  Supply Depot  
  83  6:32  Marine x3  
  88  6:39  SCV x2  
  91  6:47  Orbital Command  
  91  6:51  SCV x2, Marine x3  
  95  6:54  Barracks  
  95  6:55  Barracks, Medivac  
  95  6:56  Medivac  
  99  7:03  SCV x2  
  99  7:06  Barracks  
  99  7:08  Orbital Command  
  101  7:09  Marine x3  
  104  7:16  SCV x2  
  106  7:27  Marine x3  
  106  7:28  SCV x2, Armory  
  111  7:39  SCV  
  111  7:40  SCV  
  111  7:41  Medivac x2  
  111  7:43  Barracks Reactor x2  
  117  7:46  SCV  
  118  7:59  Barracks Reactor  
  118  8:01  Marine x3  
  121  8:07  Command Center  
  121  8:08  Barracks, Supply Depot  
  121  8:09  Barracks, Supply Depot  
  121  8:10  Supply Depot  
  121  8:14  Viking x2  
  121  8:15  Thor  
  121  8:19  Marine x3  
  129  8:26  SCV x3  
  124  8:27  Missile Turret  
  124  8:31  Missile Turret  
  124  8:33  Missile Turret  
  120  8:38  SCV x3  
Show
View Real Time Build Order
Export as new Build Order

rob Terran 

Build Orders:  

Get SALT Encoding   

  12  0:02  SCV  
  13  0:14  SCV  
  13  0:21  Refinery  
  14  0:26  SCV  
  15  0:43  Supply Depot  
  15  1:10  Barracks  
  15  1:11  Barracks  
  15  1:13  Barracks  
  15  1:17  SCV  
  16  1:27  Refinery  
  16  1:30  SCV  
  17  1:45  SCV  
  19  2:01  Reaper x3  
  21  2:09  Supply Depot  
  21  2:44  Reaper x3  
  24  2:54  Orbital Command  
  24  2:56  Supply Depot  
  24  3:16  Reaper x3  
  27  3:48  Reaper x2  
  27  3:49  Reaper  
  22  4:28  Marine x3  
  22  4:30  Factory  
  25  4:34  Supply Depot  
  25  4:35  SCV  
  26  4:45  Marine  
  26  4:46  Marine x2  
  26  4:47  SCV  
  30  4:59  SCV  
  31  5:03  Supply Depot  
  31  5:16  Starport  
  31  5:20  Starport  
  31  5:26  SCV  
  32  5:36  Marine x2  
  32  5:37  Marine  
  32  5:39  Factory Tech Lab  
  35  5:56  Starport Tech Lab  
  35  5:57  Fusion Core  
  35  5:59  Starport Tech Lab  
  35  6:07  Marine x3  
  38  6:18  Supply Depot  
  38  6:45  Battlecruiser  
  44  6:55  Battlecruiser  
  44  7:00  Marine  
  51  7:03  Marine  
  51  7:06  Marine  
  53  7:17  Supply Depot  
  53  7:18  Marine  
  53  7:21  Marine  
  55  7:24  Marine  
  56  7:35  Marine  
  57  7:39  Marine  
  57  7:41  Marine  
  59  7:50  Battlecruiser  
Tags
 
League
GoldGold
Matchup
TvT
Player
ViBE
Race
Terran
Replay Pack
Gold_League
Spawn Locations
Cross Positions
Add a new tag
Caveats
  • Supply blocks, unpowered buildings, or Contaminate may cause inaccurate times.
  • Supply counts are checked every 10 seconds.